 Dungeon Crawl Stone Soup version 0.24.0-13-gcf9b319 (webtiles) character file.

Game seed: 6317795297481896539, levelgen mode: deterministic

200510 Fang the Warrior (level 18, -22/120 HPs)
             Began as a Gargoyle Berserker on Dec 10, 2019.
             Was the Champion of Trog.
             Killed by the air
             ... invoked by a wind drake
              (27 damage)
             ... on level 2 of the Shoals on Dec 11, 2019.
             The game lasted 00:44:18 (29844 turns).

Fang the Warrior (Gargoyle Berserker)              Turns: 29844, Time: 00:44:19

Health: -22/120    AC: 41    Str: 33    XL:     18   Next: 51%
Magic:  18/18      EV: 15    Int: 10    God:    Trog [******]
Gold:   2472       SH: 22    Dex:  9    Spells: 17/17 levels left

rFire    + . .     SeeInvis .   M - +1 broad axe (freeze)
rCold    . . .     Gourm    .   B - +0 large shield
rNeg     + . .     Faith    .   b - +1 plate armour {rF+}
rPois    ∞         Spirit   .   (no helmet)
rElec    +         Reflect  .   y - +2 cloak
rCorr    .         Harm     .   n - +2 pair of gloves
MR       +....                  F - +1 pair of boots "Quwatwod" {*Drain Str+6}
Stlth    ..........             k - amulet of magic regeneration
HPRegen  0.30/turn              K - +4 ring of slaying
MPRegen  0.41/turn              j - +3 ring of evasion

@: berserk cooldown, flying, mesmerised, slowed, very slow
A: big wings, negative energy resistance 1, electricity resistance, unbreathing,
petrification resistance, rot immunity, AC +13
}: 1/15 runes: serpentine
a: Stop Flying, Berserk, Trog's Hand, Brothers in Arms, Renounce Religion


You were on level 2 of the Shoals.
You worshipped Trog.
Trog was exalted by your worship.
You were very hungry.

You visited 7 branches of the dungeon, and saw 31 of its levels.

You collected 2749 gold pieces.
You spent 277 gold pieces at shops.

Inventory:

Hand Weapons
 a - a +9 broad axe of pain
 w - a +6 war axe of flaming
 L - the +2 war axe of Trog's Anger {chop, rF++}
   (Trog gifted it to you on level 2 of the Snake Pit)

   It inflicts extra damage upon your enemies.
   It greatly protects you from fire.
 M - a +1 broad axe of freezing (weapon)
Armour
 b - a +1 plate armour of fire resistance (worn)
 n - a +2 pair of gloves (worn)
 y - a +2 cloak (worn)
 B - a +0 large shield (worn)
 F - the +1 pair of boots "Quwatwod" (worn) {*Drain Str+6}
   (You found it on level 7 of the Dungeon)

   It affects your strength (+6).
   It causes draining when unequipped.
Jewellery
 g - an uncursed ring of protection from magic
 h - an uncursed ring of protection from cold
 j - a +3 ring of evasion (right hand)
 k - an amulet of magic regeneration (around neck)
 K - a +4 ring of slaying (left hand)
Wands
 r - a wand of iceblast (21)
 v - a wand of flame (79)
 x - a wand of disintegration (14)
 A - a wand of polymorph (16)
 C - a wand of digging (13)
 G - a wand of random effects (34)
 I - a wand of enslavement (8)
Scrolls
 d - 6 scrolls of magic mapping
 e - 18 scrolls of teleportation
 f - 9 scrolls of remove curse
 i - 9 scrolls of identify
 l - 3 scrolls of fog
 p - a scroll of summoning
 t - 4 scrolls of fear
 H - 3 scrolls of blinking
Potions
 m - 4 potions of mutation
 o - 11 potions of curing
 q - 6 potions of heal wounds
 s - 4 potions of haste
 u - 7 potions of might
 z - 3 potions of ambrosia
 D - a potion of resistance
 E - a potion of cancellation
 J - 3 potions of invisibility
Comestibles
 c - 53 rations


   Skills:
 + Level 16.2 Fighting
 + Level 13.9 Axes
 + Level 15.8 Armour
 + Level 12.6 Dodging
 + Level 14.8 Shields


You had 17 spell levels left.
You didn't know any spells.
Your spell library was empty.

Dungeon Overview and Level Annotations

Branches:
Dungeon (15/15)            Temple (1/1) D:4            Lair (6/6) D:8
 Shoals (2/4) Lair:3        Snake (4/4) Lair:3        Slime (0/5) Lair:6
    Orc (2/2) D:11            Elf (0/3) Orc:2        Vaults (0/5) D:13
 Depths (1/5) D:15

Altars:
Ashenzari
Dithmenos
Fedhas
Hepliaklqana
Kikubaaqudgha
Makhleb
Okawaru
Qazlal
Trog
Uskayaw
Vehumet
Wu Jian
Xom
Yredelemnul
Zin
The Shining One
Beogh

Shops:
D:4 (   D:11 (   D:12 !   D:13 [   Orc:2 :[:*(   Snake:1 *?::!   Snake:3 [}=}

Portals:
Trove: D:14 (give 16 potions of curing)

Annotations:
Lair:1 exclusion: 3 oklob plants
Lair:6 1 runed translucent door, Gorgoleon's ghost, journeyman GrEE


Innate Abilities, Weirdness & Mutations

You are resistant to torment.
Your stone body is resilient. (AC +13)
You are immune to poison.
Your large and strong wings let you fly indefinitely.
You resist negative energy. (rN+)
You are resistant to electric shocks. (rElec)
You can survive without breathing.
You are immune to petrification.
You are immune to rotting.


Message History

You cannot move away from the merfolk siren!
The wind drake flaps its wings at you.
The air twists around and violently strikes you in flight.
The merfolk hits you but does no damage.
The faun shoots a stone.
You block the stone.
The merfolk siren chants its luring song. x2
The wind drake flaps its wings at you.
The air twists around and violently strikes you in flight!
* * * LOW HITPOINT WARNING * * *
You block the merfolk's attack. The wind drake flaps its wings at you.
The air twists around and violently strikes you in flight!!
* * * LOW HITPOINT WARNING * * *
You are too injured to fight recklessly!
The merfolk siren chants its luring song.
You block the merfolk's attack. The merfolk completely misses you.
The merfolk siren chants its luring song.
The wind drake flaps its wings at you.
The air twists around and violently strikes you in flight!!
You die...

≈≈≈≈≈≈≈≈≈≈≈≈≈≈≈≈≈≈≈≈≈≈≈≈≈≈≈≈
≈≈≈≈≈≈≈≈≈≈≈≈≈≈≈≈≈≈≈≈≈≈≈≈≈≈≈≈
≈≈≈≈≈≈≈≈≈≈≈≈≈≈≈≈≈≈≈≈≈≈≈≈≈≈≈≈≈
≈≈≈≈≈≈P≈≈≈≈≈≈≈≈≈≈≈≈≈≈≈≈.≈≈≈≈≈≈
≈≈≈≈≈≈≈≈...≈≈≈≈≈≈≈≈≈≈≈≈≈≈≈≈≈≈≈≈
≈≈≈≈≈≈≈≈..P≈≈≈≈≈kmk≈≈≈≈≈≈≈≈≈≈≈≈
≈≈≈≈≈≈P≈P≈≈≈≈≈≈m≈≈H≈c≈≈≈≈≈≈≈≈≈≈
≈≈≈≈≈P≈P≈†<.c≈≈≈m≈≈m≈≈≈≈≈≈≈≈≈≈≈
≈≈≈≈PP≈≈≈...k≈@mc≈≈≈.≈≈≈≈≈≈≈≈≈≈
≈≈≈≈PP≈≈≈....≈≈.≈≈c≈>...≈....≈≈
≈≈≈≈≈P≈≈..##.≈(..(≈≈≈.....##...
≈≈≈≈≈≈≈≈.###.........%..≈.# #..
≈≈≈≈≈≈≈P≈.≈.............≈≈.. ..
≈≈≈≈≈≈≈≈.≈≈......###..≈≈≈....
≈≈≈≈≈≈≈≈≈≈≈..(.### ##.^≈≈.....
≈≈≈≈≈≈≈≈≈≈≈≈≈(÷# ......$.#.
≈≈≈≈≈≈≈≈≈≈≈≈≈)## ≈≈≈...


You could see a satyr, 3 wind drakes, 3 merfolk, 3 fauns, a manticore and 2
merfolk sirens.

Vanquished Creatures
  Nikola (Snake:1)
  Rupert (Orc:2)
  Agnes (D:15)
  Kirke (Lair:4)
  7 nagarajas (Snake:4)
  An orc warlord (Orc:2)
  Nessos (D:12)
  A dire elephant (D:15)
  Josephine (Snake:1)
  Fannar (D:12)
  A vault guard (D:13)
  Harold (Lair:1)
  A catoblepas (D:15)
  8 hydras
  11 naga warriors
  11 anacondas
  8 two-headed ogres
  2 centaur warriors (D:14)
  A merfolk avatar (Shoals:2)
  5 death yaks (Lair:6)
  An ogre mage (D:15)
  10 shock serpents
  14 naga sharpshooters
  An orc high priest (Orc:2)
  A deep elf knight (D:13)
  A fire crab (Lair:6)
  3 salamander mystics (Snake:4)
  3 sea snakes
  4 skeletal warriors (D:15)
  3 unseen horrors
  A wizard (D:15)
  3 orc knights
  Pikel (D:5)
  15 harpies
  10 naga ritualists
  3 deep elf magi
  15 mana vipers
  6 cyclopes
  5 orc sorcerers
  13 ugly things
  12 salamanders
  6 manticores
  A wolf spider (D:13)
  7 fauns (Shoals:1)
  3 elephants (Lair:4)
  A slime creature (D:15)
  4 guardian serpents (Snake:4)
  A water nymph (Shoals:2)
  6 merfolk sirens
  2 centaur zombies
  12 naga magi
  32 black mambas
  8 spiny frogs
  Psyche (D:10)
  3 gargoyles
  A rime drake (Lair:2)
  7 komodo dragons
  A freezing wraith (D:14)
  A queen bee (Lair:6)
  6 trolls
  6 meliai
  5 polar bears (Lair:6)
  4 merfolk
  8 hornets
  Prince Ribbit (D:7)
  4 blink frogs
  4 wind drakes
  10 hippogriffs
  2 water elementals
  14 spriggans
  5 wraiths (Snake:1)
  2 shadows
  2 hogs (Lair:4)
  21 yaks
  5 basilisks
  2 hungry ghosts
  A steam dragon (D:8)
  A wyvern (D:11)
  42 nagas
  8 wargs
  A soldier ant (D:11)
  13 water moccasins
  4 sky beasts
  10 porcupines
  31 orc warriors
  2 slaves
  A phantom (D:8)
  4 black bears
  An eye of draining (D:11)
  2 ice beasts
  A necrophage (D:7)
  3 boggarts (Lair:6)
  16 ogres
  21 wolves
  15 centaurs
  10 crocodiles
  16 bullfrogs
  A gnoll sergeant (D:6)
  A wyvern zombie (D:11)
  A water moccasin zombie (D:6)
  2 wyvern skeletons
  6 scorpions
  25 killer bees
  2 spriggan skeletons (D:12)
  A howler monkey (D:8)
  A troll skeleton (D:12)
  A lava snake (Lair:1)
  2 bullfrog zombies
  20 jellies
  8 crimson imps
  A quasit (D:12)
  5 hounds
  21 orc priests
  7 iguanas
  5 centaur skeletons
  Natasha (D:3)
  28 orc wizards
  7 worker ants
  A worker ant zombie (D:8)
  13 adders
  4 gnolls (D:7)
  3 shadow imps
  3 oozes
  3 adder skeletons
  3 worms
  8 leopard geckos
  70 orcs
  8 bats
  4 giant cockroaches
  6 goblins
  7 hobgoblins
  6 jackals
  10 kobolds
  5 quokkas
  5 frilled lizards
  A quokka zombie (D:6)
  8 rats
  4 fungi
  6 plants
915 creatures vanquished.

Vanquished Creatures (collateral kills)
  A spriggan skeleton (D:12)
1 creature vanquished.

Vanquished Creatures (others)
  A naga ritualist (Snake:4)
  A human (Lair:4)
  A naga (Snake:4)
  A slave (D:5)
  2 orc wizards (D:5)
  3 orcs (D:5)
  4 jackals (D:5)
  A bush (Lair:6)
  3 fungi (Lair:6)
  5 plants
  A withered plant (Lair:6)
23 creatures vanquished.

Grand Total: 939 creatures vanquished

Notes
Turn   | Place    | Note
-------+----------+-------------------------------------------
     0 | D:1      | Fang the Gargoyle Berserker began the quest for the Orb.
     0 | D:1      | Reached XP level 1. HP: 14/14 MP: 1/1
   301 | D:1      | Reached XP level 2. HP: 19/19 MP: 2/2
   586 | D:1      | Reached XP level 3. HP: 23/23 MP: 3/3
   971 | D:2      | Noticed a killer bee
   973 | D:2      | Noticed a killer bee
   977 | D:2      | Noticed a killer bee
   979 | D:2      | Killed a killer bee
   979 | D:2      | Reached ** piety under Trog
   979 | D:2      | Reached skill level 4 in Fighting
   979 | D:2      | Reached XP level 4. HP: 29/29 MP: 4/4
   980 | D:2      | Reached XP level 5. HP: 33/33 MP: 5/5
   990 | D:2      | Reached XP level 6. HP: 38/39 MP: 6/6
  1676 | D:3      | Noticed Natasha
  1686 | D:3      | Killed Natasha
  1921 | D:3      | Reached skill level 5 in Fighting
  1921 | D:3      | Reached XP level 7. HP: 15/44 MP: 7/7
  2151 | D:3      | Reached *** piety under Trog
  2514 | D:4      | Found a staircase to the Ecumenical Temple.
  2525 | Temple   | Entered the Ecumenical Temple
  2814 | D:4      | Found Caihan's Weapon Boutique.
  3029 | D:4      | Reached skill level 5 in Armour
  3141 | D:5      | Entered Level 5 of the Dungeon
  3142 | D:5      | Noticed Pikel
  3607 | D:5      | Killed Pikel
  3607 | D:5      | Reached skill level 6 in Fighting
  3607 | D:5      | Reached skill level 5 in Axes
  3607 | D:5      | Reached XP level 8. HP: 46/52 MP: 8/8
  3910 | D:5      | Reached XP level 9. HP: 42/56 MP: 9/9
  4251 | D:5      | Reached skill level 7 in Fighting
  4251 | D:5      | Reached skill level 5 in Dodging
  4807 | D:6      | Found a shadowy altar of Dithmenos.
  5119 | D:6      | Reached **** piety under Trog
  5127 | D:6      | Reached skill level 1 in Shields
  5377 | D:6      | Found a bloodstained altar of Trog.
  5377 | D:6      | Found a basalt altar of Yredelemnul.
  5597 | D:6      | Found an ornate altar of the Wu Jian Council.
  5907 | D:7      | Got a pair of transparent boots
  5913 | D:7      | Identified the +1 pair of boots "Quwatwod" {*Drain Str+6}
                  | (You found it on level 7 of the Dungeon)
  6289 | D:7      | Reached skill level 8 in Fighting
  6309 | D:7      | Noticed Prince Ribbit
  6478 | D:7      | Found a hazy altar of Hepliaklqana.
  6479 | D:7      | Found a shimmering altar of Xom.
  6480 | D:7      | Noticed a spectral ugly thing
  6580 | D:7      | Reached XP level 10. HP: 50/64 MP: 10/10
  6613 | D:7      | Killed Prince Ribbit
  6953 | D:7      | Found a burning altar of Makhleb.
  6955 | D:7      | Found a glowing golden altar of the Shining One.
  6960 | D:7      | Found an iron altar of Okawaru.
  6960 | D:7      | Found a stormy altar of Qazlal.
  7153 | D:8      | Identified a scroll of acquirement
  7194 | D:8      | Found a burning altar of Makhleb.
  7295 | D:8      | Found a staircase to the Lair.
  7364 | D:8      | Received a gift from Trog
  7945 | D:9      | Noticed a two-headed ogre
  7961 | D:9      | Killed a two-headed ogre
  7961 | D:9      | Reached skill level 9 in Fighting
  7961 | D:9      | Reached skill level 5 in Shields
  8002 | D:9      | Noticed a two-headed ogre
  8009 | D:9      | Killed a two-headed ogre
  8009 | D:9      | Reached XP level 11. HP: 56/71 MP: 11/11
  8131 | D:9      | Reached ***** piety under Trog
  8368 | D:9      | Found a glowing silver altar of Zin.
  8440 | D:9      | Found a blossoming altar of Fedhas.
  8443 | D:9      | Found an ancient bone altar of Kikubaaqudgha.
  8570 | D:10     | Entered Level 10 of the Dungeon
  8799 | D:10     | Noticed Psyche
  8804 | D:10     | Killed Psyche
  9235 | D:10     | Noticed a two-headed ogre
  9244 | D:10     | Killed a two-headed ogre
  9361 | D:11     | Noticed a manticore
  9366 | D:11     | Killed a manticore
  9459 | D:11     | Found Cuoriof's Antique Weapon Shoppe.
  9607 | D:11     | Reached skill level 10 in Fighting
  9660 | D:11     | Noticed a cyclops
  9673 | D:11     | Killed a cyclops
  9862 | D:11     | Found a staircase to the Orcish Mines.
  9871 | D:11     | Received a gift from Trog
 10206 | D:12     | Noticed Nessos
 10215 | D:12     | Reached skill level 10 in Armour
 10223 | D:12     | Reached XP level 12. HP: 59/77 MP: 12/12
 10240 | D:12     | Killed Nessos
 10319 | D:12     | Noticed Fannar
 10334 | D:12     | Killed Fannar
 10737 | D:12     | Found Eblau's Distillery.
 10740 | D:12     | Bought a potion of heal wounds for 80 gold pieces
 11217 | D:12     | Reached skill level 11 in Fighting
 11217 | D:12     | Reached XP level 13. HP: 84/84 MP: 13/13
 11308 | Lair:1   | Entered Level 1 of the Lair of Beasts
 11423 | Lair:1   | Reached skill level 10 in Axes
 11645 | Lair:1   | Noticed Harold
 11659 | Lair:1   | Killed Harold
 12360 | Lair:2   | Reached skill level 12 in Fighting
 12398 | Lair:2   | Received a gift from Trog
 12774 | Lair:3   | Gained mutation: Your large and strong wings let you fly
                  | indefinitely. [Gargoyle growth]
 12774 | Lair:3   | Reached XP level 14. HP: 92/92 MP: 14/14
 13037 | Lair:3   | Found a staircase to the Shoals.
 13043 | Lair:3   | Reached skill level 10 in Shields
 13449 | Lair:3   | Found a staircase to the Snake Pit.
 13939 | Snake:1  | Entered Level 1 of the Snake Pit
 14426 | Lair:4   | Noticed Kirke
 14440 | Lair:4   | Killed Kirke
 14736 | Lair:4   | You are sucked into a shaft and drop 1 floor!
 14775 | Lair:5   | Found a dark tunnel.
 15927 | Lair:6   | Entered Level 6 of the Lair of Beasts
 16041 | Lair:6   | Received a gift from Trog
 16046 | Lair:6   | Found a staircase to the Slime Pits.
 16420 | Lair:6   | Reached skill level 13 in Fighting
 16500 | Lair:6   | Found a runed translucent door.
 16500 | Lair:6   | Noticed Gorgoleon's ghost (journeyman GrEE)
 16567 | Lair:6   | Reached skill level 10 in Dodging
 16567 | Lair:6   | Reached XP level 15. HP: 70/98 MP: 15/15
 16862 | Lair:6   | Received a gift from Trog
 17525 | D:13     | Found Fysax's Antique Armour Shop.
 17960 | D:13     | Found a gate to the Vaults.
 18518 | D:14     | Found a portal to a secret trove of treasure.
 18821 | D:15     | Entered Level 15 of the Dungeon
 19402 | D:15     | Received a gift from Trog
 19719 | D:15     | Reached skill level 14 in Fighting
 19789 | D:15     | Found a staircase to the Depths.
 20104 | D:15     | Noticed Agnes
 20136 | D:15     | Killed Agnes
 20136 | D:15     | Reached XP level 16. HP: 71/106 MP: 16/16
 20213 | D:15     | Got a transparent broad axe
 20214 | D:15     | Identified the +5 broad axe of Otykhlo {chop, Fragile rC+
                  | Int+9} (You acquired it on level 15 of the Dungeon)
 20470 | Depths:1 | Entered Level 1 of the Depths
 20573 | Orc:1    | Entered Level 1 of the Orcish Mines
 20705 | Orc:1    | Paralysed by an orc sorcerer for 7 turns
 20931 | Orc:2    | Entered Level 2 of the Orcish Mines
 20931 | Orc:2    | Found Cacoit's Book Shoppe.
 21152 | Orc:1    | Paralysed by an orc sorcerer for 6 turns
 21331 | Orc:2    | Found a staircase to the Elven Halls.
 21442 | Orc:2    | Noticed Rupert
 21472 | Orc:2    | Killed Rupert
 21577 | Orc:2    | Reached ****** piety under Trog
 21671 | Orc:2    | Received a gift from Trog
 21937 | Orc:2    | Found a roughly hewn altar of Beogh.
 21940 | Orc:2    | Found Losoej's Antique Armour Shop.
 21973 | Orc:2    | Found Nenedd's General Store.
 21984 | Orc:2    | Found Hewnapsa's Antique Weapon Shop.
 22009 | Orc:2    | Found Ogothiyweh's Book Shop.
 23116 | Snake:1  | Found Jutel's Magic Scroll Boutique.
 23117 | Snake:1  | Found Toocarage's Distillery.
 23118 | Snake:1  | Found Meytwoj's Book Boutique.
 23119 | Snake:1  | Found Kointut's Book Boutique.
 23121 | Snake:1  | Bought a scroll of enchant weapon for 127 gold pieces
 23130 | Snake:1  | Bought a potion of heal wounds for 70 gold pieces
 23192 | Snake:1  | Noticed Josephine
 23201 | Snake:1  | Killed Josephine
 23272 | Snake:1  | Found Ewkub's Eclectic Emporium.
 23817 | Snake:1  | Noticed Nikola
 23839 | Snake:1  | Killed Nikola
 24230 | Snake:2  | Received a gift from Trog
 24245 | Snake:2  | Got a crystal war axe {god gift}
 24246 | Snake:2  | Identified the +2 war axe of Trog's Anger {chop, rF++}
                  | (Trog gifted it to you on level 2 of the Snake Pit)
 24774 | Snake:2  | Reached XP level 17. HP: 112/112 MP: 17/17
 25303 | Snake:3  | Reached skill level 15 in Fighting
 25865 | Snake:3  | Found Mucyts's Antique Armour Boutique.
 26220 | Snake:3  | Found Xiociavu's Gadget Boutique.
 26220 | Snake:3  | Found Helown's Jewellery Emporium.
 26221 | Snake:3  | Found Nobiex's Gadget Boutique.
 26402 | Snake:4  | Entered Level 4 of the Snake Pit
 26500 | Snake:4  | Found a hide-covered altar of Uskayaw.
 26699 | Snake:4  | Reached skill level 15 in Armour
 26739 | Snake:4  | Received a gift from Trog
 27745 | Snake:4  | Identified the +3 battleaxe "Luqylloh" {drain, +Rage} (You
                  | found it on level 4 of the Snake Pit)
 27789 | Snake:4  | Reached XP level 18. HP: 90/120 MP: 18/18
 28022 | Snake:4  | Received a gift from Trog
 28457 | Snake:4  | Got a serpentine rune of Zot
 28680 | Shoals:1 | Entered Level 1 of the Shoals
 28813 | Shoals:1 | Reached skill level 16 in Fighting
 29546 | Shoals:2 | Received a gift from Trog
 29843 | Shoals:2 | HP: 5/120 [wind drake/the air (26)]
 29844 | Shoals:2 | Killed from afar by a wind drake

Levels and vault maps discovered:
D:1:      dpeg_arrival_chambers_temple_mockup, layout_basic, minmay_pentomino_u4
D:2:      cheibrodos_helix_gallery, layout_rooms
D:3:      layout_loops_ring, first_ration, uniq_natasha
D:4:      layout_basic, minmay_temple_entry_glass, serial_shops, shop
D:5:      black_bear_nest_1, layout_loops_ring, minmay_chambers_of_fives,
          uniq_pikel
D:6:      layout_loops_ring, kennysheep_mini, marbit_many_paths,
          gammafunk_temple_overflow_elements, minmay_quadrilaterals
D:7:      layout_loops_corners, regret_index_temple_of_mockery, minitemple,
          the_bakery, uniq_prince_ribbit1
D:8:      layout_basic, dpeg_oklobed_lair, basic_altar,
          small_statue_intersection
D:9:      minmay_inner_zag, layout_rooms,
          grunt_temple_overflow_growth_and_decay, zin_scriptorium,
          grunt_ministairs_14
D:10:     layout_layer_cave, uniq_psyche
D:11:     layout_loops_ring, david_orc_1_choice, serial_shops, shop_fountains,
          minmay_misc_feat_encased
D:12:     layout_long_grid, serial_shops, kennysheep_mini_moat, st_stairs_13,
          hangedman_tell_no_tales, uniq_nessos, uniq_fannar
D:13:     layout_big_octagon, david_vaults_5, serial_shops, shop,
          minmay_misc_feat_cross
D:14:     layout_loops_cross, enter_trove_2, abandoned_shop
D:15:     hangedman_depths_entry_try_elsewhere_first, layout_irregular_city,
          minmay_misc_feat_more_columns, uniq_agnes
Temple:   dpeg_three_leaves_temple
Lair:1:   layout_gridlike, minmay_lair_oklob_chamber, uniq_harold
Lair:2:   beast_lair_carwin_large_1, layout_regular_city
Lair:3:   layout_cave_pods, elwin_shoals_entry_stream, dummy_snake_entry,
          grunt_megastairs_3
Lair:4:   layout_regular_city, st_stairs_10, wad_woods_03, uniq_kirke
Lair:5:   layout_roguey, nicolae_volcano_entry_lava_flow,
          eino_small_chamber_without_monster
Lair:6:   minmay_lair_end_enchanted_forest, layout_long_grid,
          minmay_slime_entry_jelly_boxes, gammafunk_ghost_grave, special_room
          [special_room_bee]
Shoals:1: layout_shoals
Shoals:2: layout_shoals, serial_shops, shop
Snake:1:  layout_grid_maze, minmay_shop_grid_forest, st_stairs_8,
          nicolae_alphabet_shops, uniq_josephine, uniq_nikola
Snake:2:  nicolae_snake_nest, layout_grid_maze, lemuel_fruit_tree,
          serial_bayou_shore_b
Snake:3:  layout_onion, serial_shops, shop, minmay_shop_grove
Snake:4:  johnstein_snake_rune_scales, layout_gridlike, basic_altar, drop_trap
Orc:1:    layout_diamond_mine
Orc:2:    grunt_orc_cross, layout_caves, serial_shops, shop, nooodl_orcs_dogs,
          uniq_rupert
Depths:1: layout_gridlike, enter_ziggurat_d, hellmouth_1,
          chequers_serial_rivers_micro_c, abyss_entry, kennysheep_small_circle,
          uniq_saint_roka

Skill      XL: |  1  2  3  4  5  6  7  8  9 10 11 12 13 14 15 16 17 18 |
---------------+-------------------------------------------------------+-----
Axes           | 3 4 5 6 7 8 9 10 11 12 13 | 13.9
Dodging        | 2 3 4 5 6 7 8 9 10 11 12 | 12.6
Fighting       | 4 5 6 8 9 10 11 12 13 14 15 16 | 16.2
Armour         | 3 4 5 6 7 9 10 11 12 13 14 15 | 15.8
Shields        | 3 5 7 9 11 12 13 14 | 14.8

Action                   |  1- 3 |  4- 6 |  7- 9 | 10-12 | 13-15 | 16-18 || total
-------------------------+-------+-------+-------+-------+-------+-------++-------
Melee: Hand axe          |    99 |   151 |   398 |       |       |       ||   648
       War axe           |       |       |   219 |    44 |   112 |       ||   375
       Broad axe         |       |       |       |   372 |   871 |  1196 ||  2439
Invok: Berserk           |     1 |     2 |    12 |     5 |     8 |     7 ||    35
       Trog's Hand       |       |     1 |     3 |     1 |     1 |     3 ||     9
 Abil: Fly               |       |       |       |       |     1 |       ||     1
Evoke: Wand              |       |       |       |       |       |     1 ||     1
  Use: Scroll            |       |       |       |    26 |    10 |    12 ||    48
       Potion            |       |       |       |     2 |       |     3 ||     5
  Eat: Chunk             |       |     6 |    22 |    21 |    33 |    17 ||    99
       Ration            |       |       |     2 |     1 |     1 |     7 ||    11
Armor: Animal skin       |    24 |    45 |    23 |       |       |       ||    92
       Chain mail        |       |       |   263 |       |       |       ||   263
       Plate armour      |       |       |    59 |   282 |   594 |   718 ||  1653
Dodge: Dodged            |    72 |   155 |   412 |   227 |   433 |   582 ||  1881
Block: Buckler           |       |       |    33 |    58 |       |       ||    91
       Large shield      |       |       |       |   146 |  1225 |  1525 ||  2896
